 Dungeon Crawl Stone Soup version 0.23-a0-14-g8c9a20f (webtiles) character file.

105 Loudmushroom the Chopper (level 4, -6/40 HPs)
             Began as a Minotaur Berserker on Aug 2, 2018.
             Was a Believer of Trog.
             Mangled by an orc warrior
             ... wielding a +1 glaive of flaming
              (19 damage)
             ... on level 3 of the Dungeon.
             The game lasted 00:08:41 (1822 turns).

Loudmushroom the Chopper (Minotaur Berserker)       Turns: 1822, Time: 00:08:41

Health: -6/40      AC:  8    Str: 24    XL:     4   Next: 53%
Magic:  3/3        EV: 12    Int:  4    God:    Trog [**....]
Gold:   144        SH:  0    Dex: 10    Spells: 3/3 levels left

rFire    + . .     SeeInvis .   a - +0 hand axe
rCold    + + .     Gourm    .   (no shield)
rNeg     . . .     Faith    .   n - +0 ring mail
rPois    .         Spirit   .   (helmet restricted)
rElec    .         Reflect  .   m - scarf {rC+ rF+}
rCorr    .         Harm     .   A - +0 pair of gloves
MR       ++...                  o - +0 pair of boots
Stlth    ..........             (no amulet)
HPRegen  1.13/turn              d - ring of protection from cold
MPRegen  0.08/turn              e - +2 ring of strength (curse)

@: regenerating
A: retaliatory headbutt, horns 2
a: Berserk, Trog's Hand, Renounce Religion


You were on level 3 of the Dungeon.
You worshipped Trog.
Trog was pleased with you.
You were hungry.

You visited 1 branch of the dungeon, and saw 3 of its levels.

You collected 144 gold pieces.

Inventory:

Hand Weapons
 a - a +0 hand axe (weapon)
 b - a +0 hunting sling
Missiles
 k - 39 stones (quivered)
 t - 15 arrows
 y - 19 poisoned needles
Armour
 m - a scarf of resistance (worn)
 n - a +0 ring mail (worn)
 o - a +0 pair of boots (worn)
 q - a +1 ring mail of cold resistance
 A - a +0 pair of gloves (worn)
Jewellery
 d - a ring of protection from cold (left hand)
 e - a cursed +2 ring of strength (right hand)
 l - an uncursed ring of see invisible {unknown}
 z - an uncursed amulet of faith {unknown}
Scrolls
 g - a scroll of identify {unknown}
 j - a scroll of fear {unknown}
 s - a scroll of noise {unknown}
 u - a scroll of enchant armour {unknown}
 v - 3 scrolls of teleportation {unknown}
 w - a scroll of amnesia {unknown}
 B - 2 scrolls of blinking {unknown}
Potions
 h - a potion of berserk rage {unknown}
 i - a potion of haste {unknown}
 r - a potion of heal wounds {unknown}
 x - a potion of ambrosia {unknown}
Comestibles
 c - 6 rations
 f - 2 chunks of flesh


   Skills:
 + Level 4.3 Fighting
 * Level 5.0 Axes
 + Level 3.3 Armour
 + Level 3.0 Dodging


You had 3 spell levels left.
You didn't know any spells.
Your spell library was empty.

Dungeon Overview and Level Annotations

Branches:
Dungeon (3/15)

Altars:
Yredelemnul


Innate Abilities, Weirdness & Mutations

You reflexively headbutt those who attack you in melee.
You have a pair of horns on your head.


Message History

You feel resistant to hostile enchantments.
You feel somewhat more hungry.
You are feeling hungry.
The rat bites you but does no damage.
The orc warrior hits you from afar with a glaive of flaming!!
Ouch! That really hurt!
* * * LOW HITPOINT WARNING * * *
The orc warrior burns you.
* * * LOW HITPOINT WARNING * * *
The rat barely misses you. The orc wizard barely misses you.
You hit the orc warrior but do no damage.
You closely miss the orc wizard. You hit the rat.
The orc warrior hits you but does no damage.
The rat barely misses you. You furiously retaliate!
You headbutt the rat.
You kill the rat!
Trog accepts your kill.
The orc wizard hits you but does no damage.
You barely miss the orc warrior. You closely miss the orc wizard.
The orc warrior hits you with a glaive of flaming!!
You die...

.####.###.###########
>....................
#####.######.....#######
.........# #............
.........# #............
.........# #.....<......
.........# #####........
.........# #........
........... #@...[...
............ #oo.....?
............ #o.......
....... #........
....... #........
####### #........
.......#. .......#


You could see an orc warrior and 2 orc wizards.

Vanquished Creatures
  Jessica (D:2)
  3 adders (D:2)
  A worm (D:2)
  2 leopard geckos (D:2)
  3 giant cockroaches (D:2)
  7 goblins
  8 hobgoblins
  8 kobolds
  3 bats
  3 frilled lizards
  11 rats
50 creatures vanquished.

Notes
Turn   | Place    | Note
-------+----------+-------------------------------------------
     0 | D:1      | Loudmushroom the Minotaur Berserker began the quest for the Orb.
     0 | D:1      | Reached XP level 1. HP: 19/19 MP: 0/0
   275 | D:1      | Reached XP level 2. HP: 27/27 MP: 1/1
   305 | D:1      | Reached skill level 4 in Axes
   940 | D:2      | Reached XP level 3. HP: 33/33 MP: 2/2
  1069 | D:2      | Reached ** piety under Trog
  1328 | D:2      | Noticed Jessica
  1331 | D:2      | Killed Jessica
  1331 | D:2      | Reached XP level 4. HP: 39/40 MP: 3/3
  1539 | D:2      | Reached skill level 5 in Axes
  1769 | D:3      | Found a basalt altar of Yredelemnul.
  1815 | D:3      | Noticed an orc warrior
  1822 | D:3      | Mangled by an orc warrior

Vault maps used:
D:1:      matt_arrival_diagonals, fountainhead
D:2:      minmay_box_of_dots, uniq_jessica
D:3:      lemuel_doored_altar

Skill      XL: |  1  2  3  4 |
---------------+-------------+-----
Axes           | 4 5 |  5.0
Fighting       | 4 |  4.3
Armour         | 3 |  3.3
Dodging        | 3 |  3.0

Action                   |  1- 3 |  4- 6 || total
-------------------------+-------+-------++-------
Melee: Hand axe          |    59 |    24 ||    83
       Headbutt          |    10 |     3 ||    13
Invok: Trog's Hand       |     1 |     1 ||     2
  Eat: Chunk             |     1 |     2 ||     3
Armor: Animal skin       |     2 |       ||     2
       Ring mail         |    13 |    17 ||    30
Dodge: Dodged            |    26 |    14 ||    40

Table legend:
 A = Spawn XP
 B = Non-spawn XP
 C = Spawn XP percentage of total XP
 D = Spawn monster count
 E = Non-spawn monster count
 F = Spawn count percentage of total count
 G = Total turns spent on level
                    A         B        C        D         E        F      G
               +---------+---------+-------+---------+---------+-------+---------
         Total |       0 |     150 |   0.0 |       0 |      50 |   0.0 |  1822
               +---------+---------+-------+---------+---------+-------+---------
           D:1 |       0 |      24 |   0.0 |       0 |      16 |   0.0 |   828
           D:2 |       0 |     121 |   0.0 |       0 |      30 |   0.0 |   916
           D:3 |       0 |       5 |   0.0 |       0 |       4 |   0.0 |    78
               +---------+---------+-------+---------+---------+-------+---------
